 Dungeon Crawl Stone Soup version 0.31-a0-845-g9abc20d24f (webtiles) character file.

Game seed: 10047620918157879215

13 wvc the Stinger (level 2, 0/19 HPs)
             Began as a Merfolk Venom Mage on Oct 1, 2023.
             Frozen to death by an endoplasm (3 damage)
             ... on level 1 of the Dungeon.
             The game lasted 00:01:18 (298 turns).

wvc the Stinger (Merfolk Venom Mage)                 Turns: 298, Time: 00:01:18

Health: 0/19       AC:  2    Str:  8    XL:     2   Next: 37%
Magic:  1/5        EV: 12    Int: 14    God:
Gold:   7          SH:  0    Dex: 14    Spells: 4/5 levels left

rFire   . . .        d - staff of death
rCold   . . .        (no shield)
rNeg    + . .        a - +0 robe
rPois   .            (no helmet)
rElec   .            (no cloak)
rCorr   .            (no gloves)
SInv    .            (no boots)
Will    .....        (no amulet)
Stlth   ++           (no ring)
HPRegen 0.23/turn    (no ring)
MPRegen 0.09/turn

%: no passive effects
@: very slightly contaminated
A: (nimble swimmer 2), mertail
a: no special abilities


You were on level 1 of the Dungeon.
You visited 1 branch of the dungeon, and saw 1 of its levels.

You collected 7 gold pieces.

Inventory:

Armour
 a - a +0 robe (worn)
Magical Staves
 d - a staff of death (weapon)
Scrolls
 c - a scroll of brand weapon {unknown}
Potions
 b - a potion of magic


   Skills:
 - Level 2.6 Dodging
 - Level 2.1 Stealth
 + Level 2.2 Spellcasting
 + Level 1.5 Transmutations
 + Level 3.8 Poison Magic


You had 4 spell levels left.
You knew the following spells:

 Your Spells              Type           Power      Damage    Failure   Level
a - Sting                 Tmut/Pois      36%        1d4       8%          1

Your spell library contained the following spells:

 Spells                   Type           Power      Damage    Failure   Level
 Poisonous Vapours        Pois/Air       12%        N/A       16%         2
 Mephitic Cloud           Conj/Pois/Air  5%         N/A       38%         3
 Olgreb's Toxic Radiance  Pois           12%        N/A       43%         4


Dungeon Overview and Level Annotations

Branches:
Dungeon (1/15)

Altars:


Innate Abilities, Weirdness & Mutations

((You are very nimble when in or above water. (Stealth+, EV+, Speed+++)))
Your lower body shifts to a powerful aquatic tail in water.


Message History

You miscast Sting.
You are very lightly contaminated with residual magic.
Nothing appears to happen.
The quokka misses you.
Casting: Sting (safe; 8% risk of failure)
Confirm with . or Enter, or press ? or * to list all spells.
You don't know that spell.
The quokka closely misses you. The endoplasm hits you.
The quokka barely misses you.
Casting: Sting (safe; 8% risk of failure)
Confirm with . or Enter, or press ? or * to list all spells.
Aiming: Sting (safe; 8% risk of failure)
Press: ? - help, Shift-Dir - straight line, f/p - quokka
Aim: a quokka (56% to hit)
The sting hits the quokka but does no damage.
The quokka is poisoned.
The endoplasm hits you but does no damage.
The quokka closely misses you.
You closely miss the quokka. The endoplasm freezes you.
You are frozen.
The quokka bites you.
* * * LOW HITPOINT WARNING * * *
The endoplasm closely misses you.
Unknown command.
Casting: Sting (safe; 8% risk of failure)
Confirm with . or Enter, or press ? or * to list all spells.
Aiming: Sting (safe; 8% risk of failure)
Press: ? - help, Shift-Dir - straight line, f - endoplasm, p - quokka
Aim: an endoplasm (97% to hit)
The sting hits the endoplasm.
The endoplasm partially resists.
The endoplasm is lightly wounded.
The quokka bites you.
* * * LOW HITPOINT WARNING * * *
The endoplasm hits you.
* * * LOW HITPOINT WARNING * * *
You miss the quokka.
The quokka is almost dead.
You kill the quokka!
The endoplasm freezes you.
You are frozen.
You die...

........ ..........
#.....#. ........
#......† ... .......#..
#....#.. ... ......#..
#....#.. .... .........
######.> ...J. #.....#
#.......
.....##.....+...#.......
. ♣.J@....##..#.......
..♣♣P♣♣........P.P....)#.
....PP♣♣.......P......##.
♣P..P♣♣.....PP♣♣♣P...##.
♣P....#...P.♣P♣P♣P..##.
♣.♣.♣♣......♣P..P♣P.###.
♣#.............P....
♣♣.......P.P..♣.P#...
♣♣.).........P.P..#...


You could see an endoplasm.

Vanquished Creatures
  A giant cockroach (D:1)
  2 goblins (D:1)
  2 hobgoblins (D:1)
  3 quokkas (D:1)
  2 bats (D:1)
  2 frilled lizards (D:1)
  A rat (D:1)
13 creatures vanquished.

Notes
Turn   | Place    | Note
-------+----------+-------------------------------------------
     0 | D:1      | wvc the Merfolk Venom Mage began the quest for the Orb.
     0 | D:1      | Reached XP level 1. HP: 13/13 MP: 3/3
   119 | D:1      | Reached XP level 2. HP: 17/19 MP: 1/5
   298 | D:1      | Frozen to death by an endoplasm

Illustrated notes

Levels and vault maps discovered:
D:1:      wander_arrival_desolate, layout_basic, serial_forest,
          infiniplex_forest_clump_curved, infiniplex_forest_pool,
          infiniplex_forest_diagonal, infiniplex_forest_lined_corner,
          infiniplex_forest_lined_room_3, infiniplex_forest_3_way,
          infiniplex_forest_clump_C, infiniplex_forest_side_room, st_stairs_4,
          minmay_misc_feat_chi

Action                     || total
---------------------------++-------
  Melee: Unarmed           ||    12
         Staff             ||    14
   Cast: Sting             ||    14
   Stab: Sleeping          ||     1
 Armour: Robe              ||    25
  Dodge: Dodged            ||    33

Table legend: (Time is in decaauts)
 A = Elapsed time spent in this place.
 B = Non-inter-level travel time spent in this place.
 C = Inter-level travel time spent in this place.
 D = Time resting spent in this place.
 E = Time spent auto-exploring this place.
 F = Levels seen in this place.
 G = Mean time per level.
                   A        B        C        D        E       F      G
               +--------+--------+--------+--------+--------+-----+--------+
         Total |    300 |    300 |      0 |     45 |    139 |   1 |  300.0 |
       Dungeon |    300 |    300 |      0 |     45 |    139 |   1 |  300.0 |
               +--------+--------+--------+--------+--------+-----+--------+

Top non-repeatable levels by time:
     D:1: 300 daAuts
